 Dungeon Crawl Stone Soup version 0.21.1-1-g345015fe64 (webtiles) character file.

82 Oravi the Changer (level 4, -24/32 HPs)
             Began as a Merfolk Transmuter on May 18, 2018.
             Annihilated by an orc warrior
             ... wielding a +0 glaive
              (31 damage)
             ... on level 2 of the Dungeon.
             The game lasted 00:06:00 (2476 turns).

Oravi the Changer (Merfolk Transmuter)              Turns: 2476, Time: 00:06:01

Health: -24/32     AC:  2    Str: 10    XL:     4   Next: 43%
Magic:  5/7        EV: 21    Int: 13    God:
Gold:   121        SH:  2    Dex: 19    Spells: 1/7 levels left

rFire    . . .     SeeInvis .     - Unarmed
rCold    . . .     Gourm    .   (shield currently unavailable)
rNeg     . . .     Faith    .   (armour currently unavailable)
rPois    x         Spirit   .   (helmet currently unavailable)
rElec    .         Reflect  +   (cloak currently unavailable)
rCorr    .         Harm     .   (gloves currently unavailable)
MR       +....                  (boots currently unavailable)
Stlth    +++.......             i - +2 amulet of reflection
HPRegen  0.10/turn              l - ring of stealth
MPRegen  0.10/turn              j - ring of protection from magic

@: spider-form (expiring)
A: tiny, (change form in water), (swift swim), (stealthy swim)
a: End Transformation


You were on level 2 of the Dungeon.
You were very hungry.
You were a venomous arachnid creature.
You visited 1 branch of the dungeon, and saw 2 of its levels.

You collected 121 gold pieces.

Inventory:

Missiles
 a - 60 arrows
Armour
 b - a +0 robe (melded)
Jewellery
 i - a +2 amulet of reflection (around neck)
 j - a ring of protection from magic (right front leg)
 k - an uncursed ring of fire
 l - a ring of stealth (left front leg)
Wands
 n - a wand of random effects (27)
Scrolls
 f - a scroll of identify
 g - 3 scrolls of remove curse
 h - 2 scrolls of amnesia {unknown}
Potions
 o - a potion of lignification
Books
 c - a book of Changes

   Spells                             Type                      Level
   a - Beastly Appendage              Transmutation                1
   b - Sticks to Snakes               Transmutation                2
   c - Spider Form                    Transmutation/Poison         3
   d - Ice Form                       Ice/Transmutation            4
   e - Blade Hands                    Transmutation                5
Comestibles
 d - a ration


   Skills:
 - Level 1.1 Fighting
 - Level 2.6 Dodging
 - Level 3.2 Unarmed Combat
 - Level 2.0 Spellcasting
 + Level 6.0 Transmutations


You had one spell level left.
You knew the following spells:

 Your Spells              Type           Power        Failure   Level  Hunger
a - Spider Form           Tmut/Pois      #.........   43%         3    ####...
b - Sticks to Snakes      Tmut           ###.....     11%         2    ###....
c - Beastly Appendage     Tmut           ###...       8%          1    ##.....


Dungeon Overview and Level Annotations

Branches:
Dungeon (2/15)

Altars:
Xom


Message History

The orc wizard mumbles some strange words.
The orc wizard seems to speed up.
You hit the orc warrior but do no damage.
The orc warrior looks as sick as possible!
The orc warrior hits you with a glaive!
You hit the orc warrior.
The orc warrior looks as sick as possible!
The orc warrior is lightly wounded.
The orc priest miscasts a cantrip.
The orc warrior completely misses you.
You completely miss the orc warrior.
The orc warrior is lightly wounded.
The orc priest invokes the aid of Beogh against you.
Beogh smites you!
* * * LOW HITPOINT WARNING * * *
You completely miss the orc warrior.
The orc warrior is moderately wounded.
The orc warrior hits you with a glaive!!
Ouch! That really hurt!
You die...

.#........... #.# #.#
.#........... ####.# #.#
.#.....o.o... ..#.# #.#
.#.......o..# #.#.# #.#
.##......o..######.#.####.#
.###.......o...oo#........#
>......#########o#...######
#.##.#.# #....#o#.#####
#.##.#.# #.##.#s#.....#
.....#.# #.#..#.#####.#
######.# #.#..#.# #.#
.......# #.##.#.# #.#
###########.#....# #.#
............#..### #.#
###########.#..# #.#
#############..# #.#
...............# #.#


You could see an orc warrior, an orc priest, an orc wizard and an orc.

Vanquished Creatures
  2 adders (D:2)
  An ooze (D:1)
  A worm (D:2)
  3 dart slugs (D:1)
  2 giant cockroaches (D:1)
  3 goblins
  8 hobgoblins
  4 jackals (D:1)
  A quokka (D:2)
  2 ball pythons (D:2)
  9 bats
  4 frilled lizards
  4 kobolds
  4 rats (D:1)
48 creatures vanquished.

Notes
Turn   | Place    | Note
-------+----------+-------------------------------------------
     0 | D:1      | Oravi the Merfolk Transmuter began the quest for the Orb.
     0 | D:1      | Reached XP level 1. HP: 15/15 MP: 3/3
    43 | D:1      | Reached skill level 3 in Transmutations
   332 | D:1      | Reached XP level 2. HP: 16/21 MP: 3/5
   373 | D:1      | Reached skill level 4 in Transmutations
   878 | D:1      | Reached XP level 3. HP: 25/26 MP: 4/6
   882 | D:1      | Learned a level 2 spell: Sticks to Snakes
   886 | D:1      | Learned a level 3 spell: Spider Form
   995 | D:1      | Reached skill level 5 in Transmutations
  1552 | D:2      | Reached XP level 4. HP: 21/32 MP: 3/7
  1866 | D:2      | Reached skill level 6 in Transmutations
  1892 | D:2      | Found a shimmering altar of Xom.
  2460 | D:2      | Noticed an orc warrior
  2476 | D:2      | Annihilated by an orc warrior

Skill      XL: |  1  2  3  4 |
---------------+-------------+-----
Transmutations | 3 4 5 6 |  6.0
Fighting       | |  1.1
Dodging        | |  2.6
Unarmed Combat | |  3.2
Spellcasting   | |  2.0

Action                   |  1- 3 |  4- 6 || total
-------------------------+-------+-------++-------
Melee: Unarmed           |   113 |    38 ||   151
       Headbutt          |    12 |       ||    12
       Tailslap          |     1 |       ||     1
       Punch             |     1 |       ||     1
 Cast: Beastly Appendage |    12 |     1 ||    13
       Spider Form       |     8 |     5 ||    13
  Use: Scroll            |       |     3 ||     3
  Eat: Chunk             |     4 |     2 ||     6
Armor: Robe              |    13 |       ||    13
       Skin              |     2 |     1 ||     3
Dodge: Dodged            |   100 |    26 ||   126
Block: Other             |     1 |       ||     1
